 Dungeon Crawl Stone Soup version 0.19.5 (webtiles) character file.

13504 ghjk the Severer (level 11, -4/100 HPs)
             Began as a Minotaur Fighter on Apr 22, 2017.
             Was a High Priest of Okawaru.
             Killed from afar by a deep elf mage (17 damage)
             ... with a bolt of lightning
             ... on level 12 of the Dungeon.
             The game lasted 00:18:43 (11843 turns).

ghjk the Severer (Minotaur Fighter)                Turns: 11843, Time: 00:18:43

Health: -4/100     AC: 19    Str: 24    XL:     11   Next: 76%
Magic:  10/10      EV:  8    Int:  5    God:    Okawaru [*****.]
Gold:   816        SH: 12    Dex: 10    Spells: 0 memorised, 10 levels left

rFire  . . .     SeeInvis .     a - +1 war axe
rCold  + . .     Gourm    .     z - +2 plate armour {rC+}
rNeg   . . .     Faith    .     c - +0 shield
rPois  +         Spirit   .     (helmet restricted)
rElec  .         Reflect  +     (no cloak)
rCorr  .         Harm     .     q - +1 pair of gloves
MR     .....                    (no boots)
Stlth  ..........               w - +3 amulet of reflection
                                j - +1 ring of evasion
                                p - ring of poison resistance

@: about to teleport
A: retaliatory headbutt, horns 2, repulsion field 1
a: Heroism, Finesse, Renounce Religion


You were on level 12 of the Dungeon.
You worshipped Okawaru.
Okawaru was extremely pleased with you.
You were not hungry.

You visited 1 branch of the dungeon, and saw 12 of its levels.

You collected 816 gold pieces.

Inventory:

Hand Weapons
 a - a +1 war axe (weapon)
 L - the +0 battleaxe "Wicewug" {venom, *Drain rPois rF+ Int+3, unknown}
   (Okawaru gifted it to you on level 11 of the Dungeon)

   It poisons the flesh of those it strikes.
   It affects your intelligence (+3).
   It protects you from fire.
   It protects you from poison.
   It causes draining when unequipped.
Armour
 b - a +0 scale mail
 c - a +0 shield (worn)
 q - a +1 pair of gloves (worn)
 z - a +2 plate armour of cold resistance (worn)
Jewellery
 i - an uncursed amulet of regeneration
 j - a +1 ring of evasion (right hand)
 p - a ring of poison resistance (left hand)
 t - an uncursed ring of protection from cold
 w - a +3 amulet of reflection (around neck)
 x - an uncursed ring of protection from magic
 P - a cursed ring of teleportation
Wands
 l - a wand of iceblast (15/15)
 y - a wand of iceblast (11/15)
 E - a wand of polymorph (4/24)
 H - a wand of polymorph (12/24)
 O - a wand of digging (4/24)
 S - a wand of random effects (23/48)
 T - a wand of paralysis (10/24)
 V - a wand of digging (13/24)
Scrolls
 h - 3 scrolls of enchant armour
 k - 6 scrolls of teleportation
 n - 2 scrolls of amnesia
 B - a scroll of enchant weapon
 D - 2 scrolls of recharging
 G - 3 scrolls of remove curse
 N - 3 scrolls of magic mapping
Potions
 d - a potion of might
 e - a potion of agility
 g - a potion of cancellation
 o - 5 potions of curing
 r - 3 potions of brilliance
 s - 2 potions of invisibility
 v - 2 potions of ambrosia
 A - 2 potions of flight
 C - a potion of haste
 F - a potion of resistance {unknown}
 K - a potion of cure mutation
Books
 u - a book of Cantrips

   Spells                             Type                      Level
   a - Confusing Touch                Hexes                        1
   b - Animate Skeleton               Necromancy                   1
   c - Summon Small Mammal            Summoning                    1
   d - Apportation                    Translocation                1
 M - a book of Conjurations

   Spells                             Type                      Level
   a - Magic Dart                     Conjuration                  1
   b - Searing Ray                    Conjuration                  2
   c - Dazzling Spray                 Conjuration/Hexes            3
   d - Fulminant Prism                Conjuration/Hexes            4
   e - Iskenderun's Mystic Blast      Conjuration                  4
   f - Iskenderun's Battlesphere      Conjuration/Charms           5
 W - a book of Unlife

   Spells                             Type                      Level
   a - Recall                         Summoning/Translocation      3
   b - Animate Dead                   Necromancy                   4
   c - Control Undead                 Necromancy                   4
   d - Cigotuvi's Embrace             Necromancy                   5
   e - Death Channel                  Necromancy                   6
   f - Simulacrum                     Ice/Necromancy               6
Comestibles
 f - 9 bread rations
 m - 5 meat rations
 I - 7 beef jerkies


   Skills:
 + Level 10.3 Fighting
 * Level 17.2 Axes
 + Level 10.1 Armour
 - Level 3.6 Shields


You had 10 spell levels left.
You didn't know any spells.

Dungeon Overview and Level Annotations

Branches:
Dungeon (12/15)            Temple (0/1) D:5            Lair (0/6) D:8
    Orc (0/2) D:12

Altars:
Cheibriados
Fedhas
Gozag
Hepliaklqana
Kikubaaqudgha
Makhleb
Okawaru
Qazlal
Ru
Sif Muna
Trog
Uskayaw
Xom
Zin


Innate Abilities, Weirdness & Mutations

You reflexively headbutt those who attack you in melee.
You have a pair of horns on your head.
You are surrounded by a mild repulsion field. (EV +2)


Message History

The troll is severely wounded.
The deep elf mage casts a spell at you. The bolt of lightning hits you!
* * * LOW HITPOINT WARNING * * *
You block the troll's attack. The troll claws you but does no damage.
You block the troll's attack.
You are too injured to fight recklessly!
Unknown command.
You are too injured to fight recklessly!
Unknown command.
You are too injured to fight recklessly!
Okay, then.
As you read the scroll of teleportation, it crumbles to dust.
You feel strangely unstable. You block the troll's attack. The troll claws you!
* * * LOW HITPOINT WARNING * * *
The troll claws you but does no damage.
Unknown command.
The deep elf mage casts a spell at you. The bolt of lightning hits you!
You die...

........## ##...........
....<....######............
...........................
...........................
...........................
......†..........######....
....e....T.......# #.###
.............>...#
..........@......#
##################


You could see a deep elf mage and a troll.

Vanquished Creatures
  2 unseen horrors
  2 hill giants
  Pikel (D:7)
  A deep elf mage (D:12)
  A gargoyle (D:10)
  3 trolls
  A hornet (D:9)
  2 two-headed ogres
  A wraith (D:11)
  Eustachio (D:4)
  A shadow (D:12)
  10 yaks
  A wyvern (D:10)
  A steam dragon (D:9)
  3 vampire mosquitoes (D:12)
  A warg (D:12)
  A soldier ant (D:11)
  7 orc warriors
  3 slaves (D:7)
  2 sky beasts
  The ghost of Doomgape the Ruffian, an amateur DDMo (D:3)
  3 ice beasts
  A necrophage (D:10)
  6 ogres
  3 phantoms
  4 centaurs
  4 big kobolds
  8 bullfrogs
  Blork the orc (D:4)
  A gnoll sergeant (D:11)
  4 scorpions
  6 killer bees (D:8)
  3 howler monkeys
  3 vampire bats (D:2)
  5 wights (D:12)
  3 crimson imps
  A bullfrog zombie (D:12)
  A centaur zombie (D:5)
  A quasit (D:8)
  5 hounds
  2 jellies
  4 bullfrog skeletons
  10 orc priests
  10 orc wizards
  3 centaur skeletons
  An iguana (D:11)
  A worker ant (D:4)
  A killer bee zombie (D:10)
  2 hound zombies (D:6)
  A hound skeleton (D:4)
  A worker ant zombie (D:7)
  4 gnolls
  12 adders
  13 river rats (D:10)
  5 shadow imps
  An ooze (D:7)
  An adder zombie (D:8)
  2 worms (D:6)
  3 dart slugs (D:2)
  7 leopard geckos
  22 orcs
  3 bat skeletons (D:2)
  2 bat zombies (D:2)
  4 giant cockroaches
  5 goblins
  10 hobgoblins
  9 jackals
  2 quokkas
  7 bats
  4 frilled lizards
  A jackal skeleton (D:6)
  19 kobolds
  14 rats
295 creatures vanquished.

Vanquished Creatures (others)
  2 centaurs
  An orc (D:9)
  A kobold (D:6)
4 creatures vanquished.

Grand Total: 299 creatures vanquished

Notes
Turn   | Place    | Note
-------+----------+-------------------------------------------
     0 | D:1      | ghjk the Minotaur Fighter began the quest for the Orb.
     0 | D:1      | Reached XP level 1. HP: 19/19 MP: 0/0
   296 | D:1      | Reached XP level 2. HP: 14/27 MP: 1/1
   517 | D:1      | Reached skill level 3 in Axes
   774 | D:2      | Reached XP level 3. HP: 29/33 MP: 2/2
   980 | D:2      | Reached skill level 4 in Axes
  1214 | D:2      | Found an ancient bone altar of Kikubaaqudgha.
  1223 | D:2      | Reached XP level 4. HP: 37/40 MP: 3/3
  1227 | D:2      | Reached skill level 5 in Axes
  1227 | D:2      | Reached XP level 5. HP: 40/46 MP: 4/4
  1515 | D:3      | Reached skill level 6 in Axes
  1562 | D:3      | Noticed Doomgape's ghost (amateur DDMo)
  1620 | D:3      | Killed Doomgape's ghost
  1620 | D:3      | Reached XP level 6. HP: 25/52 MP: 5/5
  1781 | D:3      | Noticed a sky beast
  1801 | D:3      | Killed a sky beast
  1801 | D:3      | Reached skill level 7 in Axes
  2074 | D:4      | Reached skill level 5 in Armour
  2143 | D:4      | Reached skill level 8 in Axes
  2158 | D:4      | Found a sacrificial altar of Ru.
  2167 | D:4      | Reached XP level 7. HP: 55/60 MP: 6/6
  2481 | D:4      | Noticed Eustachio
  2481 | D:4      | Noticed Blork the orc
  2489 | D:4      | Killed Blork the orc
  2517 | D:4      | Killed Eustachio
  2517 | D:4      | Reached skill level 9 in Axes
  2887 | D:4      | Reached skill level 5 in Fighting
  3313 | D:4      | Found an iron altar of Okawaru.
  3323 | D:4      | Found a blossoming altar of Fedhas.
  3336 | D:4      | Became a worshipper of Warmaster Okawaru
  3376 | D:5      | Entered Level 5 of the Dungeon
  3460 | D:5      | Reached XP level 8. HP: 68/68 MP: 7/7
  3688 | D:5      | Found a staircase to the Ecumenical Temple.
  3929 | D:5      | Reached skill level 10 in Axes
  4179 | D:6      | Found an opulent altar of Gozag.
  4186 | D:6      | Reached * piety under Okawaru
  4205 | D:6      | Reached skill level 11 in Axes
  4253 | D:6      | Found a hide-covered altar of Uskayaw.
  4307 | D:6      | Noticed a troll
  4313 | D:6      | Killed a troll
  4760 | D:6      | Found a glowing silver altar of Zin.
  4800 | D:6      | Reached skill level 12 in Axes
  4800 | D:6      | Reached XP level 9. HP: 58/75 MP: 8/8
  5177 | D:7      | Reached ** piety under Okawaru
  5241 | D:7      | Found a hazy altar of Hepliaklqana.
  5327 | D:7      | Found a burning altar of Makhleb.
  5343 | D:7      | You fall through a shaft!
  5561 | D:7      | Noticed Pikel
  5576 | D:7      | Killed Pikel
  5576 | D:7      | Reached skill level 13 in Axes
  5599 | D:7      | Reached *** piety under Okawaru
  6307 | D:8      | Found a bloodstained altar of Trog.
  6324 | D:8      | Reached skill level 14 in Axes
  6439 | D:8      | Reached XP level 10. HP: 71/84 MP: 9/9
  6654 | D:8      | Found a staircase to the Lair.
  6838 | D:9      | Reached **** piety under Okawaru
  7435 | D:9      | Noticed a hill giant
  7442 | D:9      | Killed a hill giant
  7826 | D:9      | Found a snail-covered altar of Cheibriados.
  7826 | D:9      | Found a deep blue altar of Sif Muna.
  7827 | D:9      | Found a stormy altar of Qazlal.
  7874 | D:9      | Reached skill level 15 in Axes
  8065 | D:9      | Reached ***** piety under Okawaru
  8190 | D:9      | Found a shimmering altar of Xom.
  8455 | D:9      | Gained mutation: You are surrounded by a mild repulsion field. (EV +2) [potion of beneficial mutation]
  8475 | D:10     | Entered Level 10 of the Dungeon
  8914 | D:10     | Killed an unseen horror
  8914 | D:10     | Reached skill level 16 in Axes
  9276 | D:10     | Reached XP level 11. HP: 93/93 MP: 10/10
 10083 | D:11     | Noticed a hill giant
 10098 | D:11     | Killed a hill giant
 10098 | D:11     | Received a gift from Okawaru
 10297 | D:11     | Got a smoking battleaxe {god gift}
 11223 | D:12     | Found a staircase to the Orcish Mines.
 11269 | D:12     | Noticed a deep elf mage
 11298 | D:12     | Killed a deep elf mage
 11298 | D:12     | Reached skill level 17 in Axes
 11304 | D:12     | Killed an unseen horror
 11304 | D:12     | Reached skill level 10 in Fighting
 11304 | D:12     | Reached skill level 10 in Armour
 11815 | D:12     | Noticed a deep elf mage
 11843 | D:12     | Killed from afar by a deep elf mage

Skill      XL: |  1  2  3  4  5  6  7  8  9 10 11 |
---------------+----------------------------------+-----
Armour         | 4 5 6 7 9 10 | 10.1
Axes           | 3 4 5 6 8 9 12 14 16 17 | 17.2
Fighting       | 4 5 6 8 10 | 10.3
Shields        | |  3.6

Action                   |  1- 3 |  4- 6 |  7- 9 | 10-12 || total
-------------------------+-------+-------+-------+-------++-------
Melee: War axe           |    95 |    71 |   365 |   452 ||   983
       Headbutt          |    15 |    12 |    54 |    80 ||   161
  Use: Potion            |       |     1 |       |     3 ||     4
       Scroll            |       |       |    13 |    15 ||    28
  Eat: Fruit             |       |     1 |    10 |     5 ||    16
       Bread ration      |       |     1 |       |       ||     1
       Chunk             |       |       |     8 |     2 ||    10
       Pizza             |       |       |       |     2 ||     2
       Meat ration       |       |       |       |     1 ||     1
Armor: Scale mail        |    61 |    26 |   120 |    83 ||   290
       Plate armour      |       |       |       |    55 ||    55
Dodge: Dodged            |    41 |    20 |    88 |   109 ||   258
Block: Shield            |    60 |    26 |   205 |   230 ||   521
       Reflection        |       |       |    11 |     8 ||    19
